 Dungeon Crawl Stone Soup version 0.31-a0-303-gdc8c9485ea (webtiles) character file.

Game seed: 2114888313729463726

14387 Iniera the Nimble (level 12, -2/77 HPs)
             Began as a Kobold Monk on July 16, 2023.
             Was a Priest of Qazlal.
             Slain by a yak (12 damage)
             ... on level 1 of the Lair of Beasts.
             The game lasted 00:15:22 (10323 turns).

Iniera the Nimble (Kobold Monk)                    Turns: 10323, Time: 00:15:23

Health: -2/77      AC: 12    Str: 13    XL:     12   Next: 44%
Magic:  17/17      EV: 24    Int: 11    God:    Qazlal [***...]
Gold:   647        SH: 17    Dex: 26    Spells: 11/11 levels left

rFire   . . .        u - +5 scimitar
rCold   . . .        q - +0 kite shield
rNeg    . . .        s - +1 leather armour {rPois}
rPois   +            a - +2 helmet
rElec   .            (no cloak)
rCorr   .            e - +2 pair of gloves {Str+3}
SInv    +            p - +1 pair of boots
Will    .....        (no amulet)
Stlth   ++           n - ring of Teyraj {Dex+5 SInv}
HPRegen 0.32/turn    g - ring of flight
MPRegen 0.15/turn

%: no passive effects
@: flying
A: small, no large weapons, nightstalker 3
a: Renounce Religion, Upheaval, Elemental Force


You were on level 1 of the Lair of Beasts.
You worshipped Qazlal.
Qazlal was most pleased with you.
You visited 3 branches of the dungeon, and saw 12 of its levels.

You collected 647 gold pieces.

Inventory:

Hand Weapons
 u - a +5 scimitar (weapon)
 C - a +3 scimitar
Missiles
 j - a throwing net
 r - 10 poisoned darts
Armour
 a - a +2 helmet (worn)
 e - a +2 pair of gloves of strength (worn)
 p - a +1 pair of boots (worn)
 q - a +0 kite shield (worn)
 s - a +1 leather armour of poison resistance (worn)
Jewellery
 d - a ring of poison resistance
 g - a ring of flight (right hand)
 n - the ring of Teyraj (left hand) {Dex+5 SInv}
   (You acquired it on level 2 of the Dungeon)

   [ring of see invisible]

   Dex:       It affects your dexterity (+5).
   SInv:      It lets you see invisible.
Wands
 z - a wand of paralysis (16)
 E - a wand of light (7)
Scrolls
 f - 3 scrolls of blinking
 i - a scroll of immolation
 k - 3 scrolls of poison
 y - 2 scrolls of revelation
 F - a scroll of identify
Potions
 b - 3 potions of might
 c - a potion of ambrosia
 h - 3 potions of lignification
 l - 2 potions of mutation {unknown}
 m - a potion of magic
 o - a potion of cancellation
 t - 4 potions of curing
 v - 2 potions of enlightenment
 w - a potion of invisibility
 x - a potion of haste
 A - 3 potions of resistance {unknown}
 D - a potion of heal wounds
Miscellaneous
 B - a phantom mirror


   Skills:
 + Level 9.8 Fighting
 * Level 8.0 Long Blades
 + Level 11.5 Dodging
 + Level 8.4 Shields
 + Level 7.1 Invocations


You had 11 spell levels left.
You didn't know any spells.
Your spell library contained the following spells:

 Spells                   Type           Power      Damage    Failure   Level
 Cigotuvi's Dreadful Rot  Necr/Pois/Air  0%         N/A       88%         2
 Static Discharge         Conj/Air       0%         2-2/arc   88%         2
 Gell's Gravitas          Tloc           0%         N/A       98%         3
 Hailstorm                Conj/Ice       0%         3d3       98%         3
 Ignite Poison            Fire/Tmut/Pois 0%         N/A       98%         3
 Teleport Other           Tloc           0%         N/A       98%         3
 Airstrike                Air            0%         2d(0-16)  100%        4
 Anguish                  Hex/Necr       0%         N/A       100%        4
 Cause Fear               Hex            0%         N/A       100%        4
 Manifold Assault         Tloc           0%         N/A       100%        4
 Summon Ice Beast         Ice/Summ       0%         N/A       100%        4
 Summon Lightning Spire   Summ/Air       0%         N/A       100%        4
 Freezing Cloud           Conj/Ice/Air   0%         6-21      100%        5
 Dispersal                Tloc           0%         N/A       100%        6
 Simulacrum               Ice/Necr       0%         N/A       100%        6
 Enfeeble                 Hex            0%         N/A       100%        7
 Disjunction              Tloc           0%         N/A       100%        8


Dungeon Overview and Level Annotations

Branches:
Dungeon (10/15)            Temple (1/1) D:6            Lair (1/5) D:10
    Orc: D:9-12

Altars:
Ashenzari
Cheibriados
Dithmenos
Elyvilon
Fedhas
Gozag
Hepliaklqana
Kikubaaqudgha
Makhleb
Nemelex Xobeh
Okawaru
Qazlal
Ru
Sif Muna
Trog
Uskayaw
Vehumet
Wu Jian
Xom
Yredelemnul
Zin
The Shining One

Shops:
D:3 =   D:5 *


Innate Abilities, Weirdness & Mutations

You are small and have problems with some larger weapons.
You are completely attuned to the shadows.


Message History

The bullfrog hits you. You block the wyvern's attack.
You block the cane toad's attack. The bullfrog misses you.
You slash the bullfrog!
The bullfrog is severely wounded.
The wyvern bites you!
* * * LOW HITPOINT WARNING * * *
The bullfrog completely misses you. The cane toad misses you.
The wyvern completely misses you. You block the bullfrog's attack.
You hit the bullfrog.
The bullfrog is almost dead.
You block the wyvern's attack. You block the cane toad's attack.
The bullfrog closely misses you. The wyvern misses you.
The cane toad barely misses you.
You slash the bullfrog!
You kill the bullfrog!
Qazlal accepts your kill. The wyvern closely misses you.
You block the cane toad's attack. The wyvern misses you.
Your Long Blades skill increases to level 8!
The wyvern attacks as you move away! The wyvern misses you.
You slash the cane toad!
The cane toad is moderately wounded.
You block the cane toad's attack. x2
You slice the wyvern!!
The wyvern is heavily wounded.
The wyvern closely misses you. You block the cane toad's attack.
The wyvern misses you.
You hit the wyvern.
The wyvern is severely wounded.
The wyvern completely misses you. You block the cane toad's attack.
The wyvern completely misses you. The cane toad stings you!
* * * LOW HITPOINT WARNING * * *
You closely miss the wyvern.
The wyvern is severely wounded.
You block the wyvern's attack. You block the cane toad's attack.
You block the wyvern's attack.
You barely miss the wyvern.
The wyvern is severely wounded.
You block the cane toad's attack. The yak gores you!
You die...

#.†.##.. ##†......
#####..##...
P.#.#...#.#...#####..
..<†......#.+........
....†.......#...8...+
..........#.+.....††#
..#.#..#..#....Yl##†#
#####..##.#..#..@F.##
.........######....
~~..#####~#. ..##
♣~..##~~~~.. ..#
♣~..##~~~~#. ..#
~..###.~##.


You could see a yak, a cane toad and a wyvern.

Vanquished Creatures
  2 boulder beetles
  6 two-headed ogres
  A deep elf pyromancer (D:8)
  A black mamba (Lair:1)
  A gargoyle (D:8)
  Maggie (D:8)
  A hornet (D:8)
  A troll (D:10)
  5 blink frogs (Lair:1)
  A shadow (D:10)
  A vampire (D:8)
  4 wyverns
  13 yaks
  A wraith (D:8)
  2 steam dragons (D:8)
  A water moccasin (D:5)
  2 ice beasts
  2 orc warriors (D:8)
  A black bear (D:8)
  A sky beast (D:8)
  An ogre (D:3)
  6 wolves (Lair:1)
  A centaur (D:7)
  3 kobold brigands
  Blork the orc (D:6)
  4 bullfrogs
  2 gnoll sergeants
  3 scorpions
  17 wights
  2 howler monkeys
  3 gnoll boudas
  4 jellies
  6 orc priests
  A hound (D:6)
  An iguana (D:6)
  A sleepcap (D:6)
  6 orc wizards
  17 gnolls
  10 adders
  A shadow imp (D:5)
  A white imp (D:8)
  2 worms
  A dart slug (D:5)
  9 orcs
  5 bats
  9 endoplasms
  4 giant cockroaches
  5 goblins
  5 hobgoblins
  3 jackals (D:1)
  12 kobolds
  5 quokkas
  6 ball pythons
  2 frilled lizards (D:1)
  5 rats
212 creatures vanquished.

Vanquished Creatures (collateral kills)
  An orc wizard (D:10)
  An orc (D:10)
2 creatures vanquished.

Grand Total: 214 creatures vanquished

Notes
Turn   | Place    | Note
-------+----------+-------------------------------------------
     0 | D:1      | Iniera the Kobold Monk began the quest for the Orb.
     0 | D:1      | Reached XP level 1. HP: 14/14 MP: 1/1
   185 | D:1      | Reached XP level 2. HP: 19/19 MP: 2/2
   203 | D:1      | Reached skill level 4 in Dodging
   458 | D:1      | Reached XP level 3. HP: 23/23 MP: 3/3
   789 | D:1      | Identified a scroll of acquirement
   789 | D:1      | Acquired a +2 pair of gloves of strength
  1085 | D:2      | Reached XP level 4. HP: 29/29 MP: 4/4
  1094 | D:2      | Acquired the ring of Teyraj {Dex+5 SInv}
  1252 | D:2      | Reached skill level 5 in Dodging
  1563 | D:3      | Noticed an ogre
  1569 | D:3      | Killed an ogre
  1570 | D:3      | Reached XP level 5. HP: 15/33 MP: 5/5
  1691 | D:3      | Found Pine Bep's Jewellery Boutique.
  2354 | D:4      | Reached XP level 6. HP: 39/39 MP: 6/6
  2541 | D:4      | Reached skill level 6 in Dodging
  2860 | D:4      | Found a sparkling altar of Nemelex Xobeh.
  2948 | D:5      | Entered Level 5 of the Dungeon
  3069 | D:5      | Noticed an ice beast
  3078 | D:5      | Killed an ice beast
  3079 | D:5      | Reached XP level 7. HP: 11/44 MP: 7/7
  3359 | D:4      | Reached skill level 5 in Fighting
  3548 | D:4      | Reached skill level 7 in Dodging
  3714 | D:5      | Found Halyjav's Gadget Gallery.
  3809 | D:5      | Found a sacrificial altar of Ru.
  3815 | D:5      | Found a snail-covered altar of Cheibriados.
  4338 | D:5      | Reached skill level 1 in Shields
  4338 | D:5      | Reached XP level 8. HP: 47/50 MP: 8/8
  4839 | D:5      | Reached skill level 8 in Dodging
  5349 | D:6      | Found a staircase to the Ecumenical Temple.
  5364 | D:6      | Noticed Blork the orc
  5377 | D:6      | Killed Blork the orc
  5469 | Temple   | Entered the Ecumenical Temple
  5686 | Temple   | Became a worshipper of Qazlal Stormbringer
  5686 | Temple   | Reached * piety under Qazlal
  5686 | Temple   | Reached ** piety under Qazlal
  6292 | D:7      | Reached XP level 9. HP: 53/55 MP: 9/9
  6349 | D:7      | Reached skill level 1 in Invocations
  6529 | D:7      | Reached skill level 5 in Long Blades
  6927 | D:8      | Noticed a boulder beetle
  6933 | D:8      | Reached skill level 9 in Dodging
  6937 | D:8      | Noticed a deep elf pyromancer
  6969 | D:8      | Killed a boulder beetle
  6970 | D:8      | Reached skill level 5 in Shields
  6970 | D:8      | Reached XP level 10. HP: 17/63 MP: 10/12
  7002 | D:8      | Noticed a boulder beetle
  7146 | D:7      | Killed a boulder beetle
  7299 | D:8      | Killed a deep elf pyromancer
  7325 | D:8      | Identified the ring of Gozag's Inspiration {Wiz rPois rC+}
  7335 | D:8      | Noticed Maggie
  7373 | D:8      | Killed Maggie
  7374 | D:8      | Reached skill level 10 in Dodging
  7410 | D:8      | Noticed a gargoyle
  7424 | D:8      | Killed a gargoyle
  7425 | D:8      | Reached skill level 5 in Invocations
  7425 | D:8      | Reached XP level 11. HP: 34/68 MP: 14/14
  7425 | D:8      | Noticed a two-headed ogre
  7440 | D:8      | Killed a two-headed ogre
  7859 | D:8      | Found an opulent altar of Gozag.
  8408 | D:9      | Noticed a two-headed ogre
  8418 | D:9      | Killed a two-headed ogre
  8583 | D:9      | Noticed a two-headed ogre
  8589 | D:9      | Killed a two-headed ogre
  8630 | D:9      | Noticed a two-headed ogre
  8639 | D:9      | Killed a two-headed ogre
  8690 | D:9      | Reached *** piety under Qazlal
  8691 | D:9      | Reached skill level 11 in Dodging
  8828 | D:9      | Noticed a two-headed ogre
  8833 | D:9      | Killed a two-headed ogre
  8835 | D:9      | Reached XP level 12. HP: 76/76 MP: 16/16
  9115 | D:10     | Entered Level 10 of the Dungeon
  9195 | D:10     | Noticed a two-headed ogre
  9200 | D:10     | Killed a two-headed ogre
  9643 | D:10     | Found a staircase to the Lair.
 10075 | Lair:1   | Entered Level 1 of the Lair of Beasts
 10323 | Lair:1   | Slain by a yak

Illustrated notes

Levels and vault maps discovered:
D:1:      dpeg_arrival_renting, layout_loops_ring
D:2:      layout_loops_ring
D:3:      layout_basic, serial_shops, shop
D:4:      layout_cave_pools, mainiacjoe_overflow_boulevard
D:5:      layout_gridville, amethyst_overflow_temple_binary, minivault_27,
          nicolae_shop_gadgets
D:6:      layout_rooms, minmay_temple_entry_enclosed_plants,
          kennysheep_small_spiral, minivault_5, uniq_blork_the_orc
D:7:      layout_cave_pools, serial_column_ruins, column_ruins_square_small,
          column_ruins_grid_1, column_ruins_grid_4, column_ruins_grid_1,
          column_ruins_columns_straight, column_ruins_open_small
D:8:      minmay_the_grid_octo_tiled_octocenter [minmay_the_grid_octo_focus,
          minmay_the_grid_octo_clover_2, minmay_the_grid_octo_concentric,
          minmay_the_grid_octo_empty,
          minmay_the_grid_octo_prize_ultimate_mussel_roller,
          minmay_the_grid_square_5x5_two, minmay_the_grid_square_5x5_inner_z,
          minmay_the_grid_square_5x5_two_small,
          minmay_the_grid_square_5x5_trominoes], layout_cave_pools,
          nicolae_gozag_cash_rules_everything_around_me, uniq_maggie
D:9:      layout_cave_pools, chequers_serial_rivers_large_a
D:10:     layout_long_grid, lair_entry_dummy
Temple:   eino_narrow_crystal_temple
Lair:1:   minmay_lair_oklob_tunnel, layout_gridlike, grunt_megastairs_1

Skill      XL: |  1  2  3  4  5  6  7  8  9 10 11 12 |
---------------+-------------------------------------+-----
Dodging        | 4 5 6 7 8 9 10 11 | 11.5
Fighting       | 4 5 6 7 8 9 |  9.8
Long Blades    | 3 4 5 6 7 8 |  8.0
Shields        | 1 3 5 6 8 |  8.4
Invocations    | 3 5 6 7 |  7.1

Action                     |  1- 3 |  4- 6 |  7- 9 | 10-12 || total
---------------------------+-------+-------+-------+-------++-------
  Melee: Falchion          |    88 |   128 |   279 |       ||   495
         Long sword        |       |       |    65 |   162 ||   227
         Scimitar          |       |       |       |   207 ||   207
  Throw: Dart              |       |       |     6 |    15 ||    21
         Throwing net      |       |       |     1 |     1 ||     2
 Invoke: Upheaval          |       |       |       |     3 ||     3
         Elemental Force   |       |       |       |     1 ||     1
  Evoke: Phantom mirror    |       |       |       |     1 ||     1
    Use: Scroll            |     1 |    11 |     6 |     2 ||    20
         Potion            |       |     1 |     5 |     3 ||     9
   Stab: Sleeping          |     3 |     5 |     4 |       ||    12
         Distracted        |       |     1 |     1 |       ||     2
         Held in net/web   |       |       |     2 |     1 ||     3
         Invisible         |       |       |     2 |       ||     2
 Armour: Robe              |     9 |    28 |    15 |       ||    52
         Skin              |       |       |    18 |       ||    18
         Leather armour    |       |       |    53 |    46 ||    99
  Dodge: Dodged            |    76 |   100 |   399 |   251 ||   826
  Block: Kite shield       |       |       |   224 |   345 ||   569

Table legend: (Time is in decaauts)
 A = Elapsed time spent in this place.
 B = Non-inter-level travel time spent in this place.
 C = Inter-level travel time spent in this place.
 D = Time resting spent in this place.
 E = Time spent auto-exploring this place.
 F = Levels seen in this place.
 G = Mean time per level.
                   A        B        C        D        E       F      G
               +--------+--------+--------+--------+--------+-----+--------+
         Total |  10515 |  10195 |    320 |    804 |   7335 |  12 |  876.2 |
       Dungeon |  10030 |   9726 |    304 |    804 |   7002 |  10 | 1003.0 |
        Temple |    223 |    209 |     14 |      0 |    198 |   1 |  223.0 |
          Lair |    261 |    261 |      0 |      0 |    135 |   1 |  261.0 |
               +--------+--------+--------+--------+--------+-----+--------+

Top non-repeatable levels by time:
     D:5: 1380 daAuts
     D:8: 1286 daAuts
     D:4: 1254 daAuts
     D:6: 1251 daAuts
    D:10: 962 daAuts
     D:7: 926 daAuts
     D:1: 812 daAuts
     D:2: 748 daAuts
     D:9: 725 daAuts
     D:3: 683 daAuts
  Lair:1: 261 daAuts
  Temple: 223 daAuts
